 Dungeon Crawl Stone Soup version 0.29-a0-330-g52719c12eb (webtiles) character file.

Game seed: 1354058696629120589

285 kae the Firebug (level 6, -1/35 HPs)
             Began as a Tengu Fire Elementalist on Apr 14, 2022.
             Slain by a shadow imp (2 damage)
             ... summoned by Natasha
             ... on level 3 of the Dungeon.
             The game lasted 00:01:36 (3132 turns).

kae the Firebug (Tengu Fire Elementalist)           Turns: 3132, Time: 00:01:36

Health: -1/35      AC:  4    Str:  9    XL:     6   Next: 29%
Magic:  3/11       EV: 15    Int: 17    God:
Gold:   97         SH:  0    Dex: 14    Spells: 4/10 levels left

rFire   + . .      SeeInvis .   d - +0 hand axe (spect)
rCold   . . .      Faith    .   (no shield)
rNeg    . . .      Spirit   .   a - +1 robe
rPois   .          Reflect  .   (helmet restricted)
rElec   .          Harm     .   f - +0 cloak
rCorr   .          Rampage  .   (no gloves)
Will    .....                   (boots unavailable)
Stlth   ++........              (no amulet)
HPRegen 0.11/turn               c - ring of protection from fire
MPRegen 0.12/turn               (no ring)

@: lethally poisoned (-1 -> -15), flying quickly and evasively, quick
A: beak, talons 3, nimble flight
a: no special abilities


You were on level 3 of the Dungeon.
You visited 1 branch of the dungeon, and saw 3 of its levels.

You collected 97 gold pieces.

Inventory:

Hand Weapons
 d - a +0 spectral hand axe (weapon)
Armour
 a - a +1 robe (worn)
 f - a +0 cloak (worn)
Jewellery
 c - a ring of protection from fire (left hand)
 g - a ring of ice
Wands
 h - a wand of paralysis (3)
 i - a wand of flame (3)
Scrolls
 e - a scroll of vulnerability
 j - a scroll of identify
Potions
 b - a potion of magic
 m - a potion of haste {unknown}


   Skills:
 + Level 2.1 Fighting
 + Level 3.3 Dodging
 - Level 2.0 Stealth
 + Level 2.9 Spellcasting
 + Level 3.4 Conjurations
 * Level 5.1 Fire Magic


You had 4 spell levels left.
You knew the following spells:

 Your Spells              Type           Power      Damage    Failure   Level
a - Foxfire               Conj/Fire      68%        2x1d7     3%          1
b - Scorch                Fire           40%        2d7       3%          2
c - Conjure Flame         Conj/Fire      17%        6-21      9%          3

Your spell library contained the following spells:

 Spells                   Type           Power      Damage    Failure   Level
 Inner Flame              Hex/Fire       11%        N/A       19%         3
 Flame Wave               Conj/Fire      17%        2d6       30%         4
 Ozocubu's Armour         Ice            2%         N/A       47%         3
 Animate Dead             Necr           1%         N/A       87%         4
 Borgnjor's Vile Clutch   Necr/Erth      1%         N/A       99%         5
 Metabolic Englaciation   Hex/Ice        1%         N/A       99%         5
 Death Channel            Necr           1%         N/A       100%        6
 Simulacrum               Ice/Necr       1%         N/A       100%        6


Dungeon Overview and Level Annotations

Branches:
Dungeon (3/15)

Altars:
Qazlal

Annotations:
D:3 Natasha


Innate Abilities, Weirdness & Mutations

You have a beak for a mouth.
You have claws for feet.
Your magical nature lets you fly swiftly and evasively.


Message History

A scorpion is nearby!
A scorpion is nearby!
Casting: Foxfire (safe; 3% risk of failure)
Confirm with . or Enter, or press ? or * to list all spells.
Flames lash the scorpion.
The scorpion is moderately wounded.
The scorpion's fire resistance burns away.
You hear an angry hiss.
The scorpion stings you.
Casting: Scorch (safe; 3% risk of failure)
Confirm with . or Enter, or press ? or * to list all spells.
Flames lash the scorpion but do no damage.
You hear an angry hiss.
The scorpion stings you. The scorpion completely misses you.
Natasha, Servant of Life and Death comes into view.
The scorpion stings you. Natasha claws you.
Casting: Scorch (safe; 3% risk of failure)
Confirm with . or Enter, or press ? or * to list all spells.
Flames lash Natasha.
Natasha is severely wounded.
Natasha's fire resistance burns away.
The scorpion is no longer more vulnerable to fire.
The scorpion closely misses you.
Natasha mumbles some strange words.
The scorpion stings you. Natasha claws you.
Casting: Scorch (safe; 3% risk of failure)
Confirm with . or Enter, or press ? or * to list all spells.
Flames lash the scorpion.
The scorpion is moderately wounded.
The scorpion's fire resistance burns away.
The scorpion stings you.
* * * LOW HITPOINT WARNING * * *
You are lethally poisoned!
The scorpion poisons you!
Natasha stares at you and mumbles some strange words.
The magic dart hits you!
* * * LOW HITPOINT WARNING * * *
The shadow imp hits you.
You die...

......# #.@..... ##.#
######### ..
###.###.......# # .
...........##.#####
...##.###.##........#
.$....###.#####.#.#.#
.)....s@5.#####.#.#.#
...##.##h.........#.#
# ..#..##..###.#
..##..##..###.#
_.......#......####
.... #......######..
.#.#. #..............
.##.##....#...).####..
...........# ###


You could see a scorpion (combustible), Natasha (combustible) and a shadow imp
(summoned).

Vanquished Creatures
  Sigmund (D:2)
  Terence (D:3)
  Crazy Yiuf (D:2)
  Robin (D:2)
  8 ball pythons
  7 endoplasms
  2 giant cockroaches (D:1)
  16 goblins
  5 hobgoblins
  2 jackals (D:1)
  3 quokkas
  3 bats
  2 frilled lizards (D:1)
  5 kobolds
  7 rats
64 creatures vanquished.

Vanquished Creatures (collateral kills)
  3 foxfires (D:1)
3 creatures vanquished.

Vanquished Creatures (others)
  205 foxfires
205 creatures vanquished.

Grand Total: 272 creatures vanquished

Notes
Turn   | Place    | Note
-------+----------+-------------------------------------------
     0 | D:1      | kae the Tengu Fire Elementalist began the quest for the
                  | Orb.
     0 | D:1      | Reached XP level 1. HP: 10/10 MP: 4/4
    69 | D:1      | Reached XP level 2. HP: 3/15 MP: 0/6
   625 | D:1      | Learned a level 2 spell: Scorch
  1061 | D:1      | Reached XP level 3. HP: 20/20 MP: 2/7
  1530 | D:2      | Noticed Sigmund
  1542 | D:2      | Killed Sigmund
  1543 | D:2      | Reached skill level 1 in Fighting
  1543 | D:2      | Reached skill level 4 in Fire Magic
  1543 | D:2      | Reached XP level 4. HP: 10/26 MP: 2/9
  1543 | D:2      | Gained mutation: Your magical nature lets you fly swiftly
                  | and evasively. [Tengu growth]
  1543 | D:2      | Reached XP level 5. HP: 12/30 MP: 2/10
  1806 | D:2      | Noticed Robin
  1817 | D:2      | Killed Robin
  1969 | D:2      | Found a faded altar of an unknown god.
  2078 | D:2      | Found a runed translucent door.
  2079 | D:2      | Noticed Crazy Yiuf
  2676 | D:2      | Learned a level 3 spell: Conjure Flame
  2698 | D:2      | Killed Crazy Yiuf
  2699 | D:2      | Reached skill level 5 in Fire Magic
  2699 | D:2      | Reached XP level 6. HP: 35/35 MP: 4/11
  2801 | D:3      | Noticed Terence
  2918 | D:3      | Killed Terence
  3123 | D:3      | Found a stormy altar of Qazlal.
  3129 | D:3      | Noticed Natasha
  3132 | D:3      | HP: 1/35 [Natasha/magic dart (9)]
  3132 | D:3      | Slain by a shadow imp

Illustrated notes

Levels and vault maps discovered:
D:1:      onia_arrival_mini_spirals, layout_basic, st_stairs_11,
          amcnicky_mini_pool_small, serial_bayou_ford_a
D:2:      layout_rooms, ebering_ecumenical_altar_sacrificial,
          uniq_crazy_yiuf_cottage, uniq_robin, uniq_sigmund
D:3:      layout_loops_cross, mainiacjoe_overflow_small_starburst,
          chequers_serial_rivers_micro_c, uniq_natasha, uniq_terence,
          uniq_grinder

Skill      XL: |  1  2  3  4  5 |
---------------+----------------+-----
Conjurations   | 2 3 |  3.4
Fighting       | 1 2 |  2.1
Dodging        | 3 |  3.3
Fire Magic     | 4 5 |  5.1
Stealth        | |  2.0
Spellcasting   | |  2.9

Action                   |  1- 3 |  4- 6 || total
-------------------------+-------+-------++-------
Melee: Unarmed           |     8 |       ||     8
       Peck              |     2 |     2 ||     4
       Hand axe          |     3 |     7 ||    10
 Cast: Foxfire           |    52 |    75 ||   127
       Scorch            |     1 |     8 ||     9
       Conjure Flame     |       |     2 ||     2
  Use: Scroll            |     1 |     5 ||     6
 Stab: Sleeping          |     1 |     1 ||     2
Armor: Robe              |     1 |     3 ||     4
Dodge: Dodged            |    12 |    11 ||    23

Table legend: (Time is in decaauts)
 A = Elapsed time spent in this place.
 B = Non-inter-level travel time spent in this place.
 C = Inter-level travel time spent in this place.
 D = Time resting spent in this place.
 E = Time spent auto-exploring this place.
 F = Levels seen in this place.
 G = Mean time per level.
                   A        B        C        D        E       F      G
               +--------+--------+--------+--------+--------+-----+--------+
         Total |   3074 |   3017 |     57 |    223 |   2334 |   3 | 1024.7 |
       Dungeon |   3074 |   3017 |     57 |    223 |   2334 |   3 | 1024.7 |
               +--------+--------+--------+--------+--------+-----+--------+

Top non-repeatable levels by time:
     D:1: 1665 daAuts
     D:2: 1092 daAuts
     D:3: 317 daAuts
